 Dungeon Crawl Stone Soup version 0.31.0-9-g3a7656b989 (webtiles) character file.

Game seed: 2771599581426198400

47 qw the Shooter (level 3, -1/18 HPs)
             Began as a Spriggan Hunter on Feb 3, 2024.
             Succumbed to an adder's poison
             ... on level 2 of the Dungeon.
             The game lasted 00:00:03 (1318 turns).

qw the Shooter (Spriggan Hunter)                    Turns: 1318, Time: 00:00:04

Health: -1/18      AC:  2    Str:  7    XL:     3   Next: 48%
Magic:  4/4        EV: 19    Int: 10    God:
Gold:   84         SH:  0    Dex: 20    Spells: 2/2 levels left

rFire   . . .        a - +0 shortbow
rCold   . . .        (shield currently unavailable)
rNeg    . . .        c - +0 robe
rPois   .            (helmet restricted)
rElec   .            (no cloak)
rCorr   .            (gloves unavailable)
SInv    +            (boots unavailable)
Will    .....        (no amulet)
Stlth   ++           (no ring)
HPRegen 0.23/turn    (no ring)
MPRegen 0.09/turn

%: no passive effects
@: lethally poisoned (-1 -> -5), about to teleport, very quick
A: very small, no large weapons, unfitting armour, see invisible, speed 3
a: no special abilities


You were on level 2 of the Dungeon.
You visited 1 branch of the dungeon, and saw 2 of its levels.

You collected 84 gold pieces.


Innate Abilities, Weirdness & Mutations

You are very small and have problems with some larger weapons.
You are too small for most types of armour.
You have supernaturally acute eyesight. (SInv)
You cover ground extremely quickly. (Speed+++)


   Skills:
 - Level 1.5 Fighting
 + Level 4.8 Ranged Weapons
 - Level 4.0 Dodging
 - Level 1.5 Stealth


You had 2 spell levels left.
You didn't know any spells.
Your spell library was empty.

Inventory:

Hand Weapons
 a - a +0 shortbow (weapon)
Armour
 c - a +0 robe (worn)
Scrolls
 d - 3 scrolls of identify
 f - a scroll of enchant armour {unknown}
 g - a scroll of brand weapon {unknown}
 h - a scroll of revelation {unknown}
 i - a scroll of immolation {unknown}
Potions
 b - 3 potions of heal wounds {unknown}
 j - a potion of lignification {unknown}

Dungeon Overview and Level Annotations

Branches:
Dungeon (2/15)

Altars:


Message History

You shoot an arrow. The arrow misses the adder.
You shoot an arrow. The arrow barely misses the adder.
You shoot an arrow. The arrow closely misses the adder.
The adder bites you.
You shoot an arrow. The arrow hits the adder.
The adder is moderately wounded.
The adder barely misses you. The adder closely misses you.
You shoot an arrow. The arrow misses the adder.
The adder bites you.
You shoot an arrow. The arrow hits the adder.
The adder is heavily wounded.
The adder misses you. The adder bites you.
You are poisoned.
The adder poisons you!
You shoot an arrow.
The arrow hits the adder but does no damage.
The adder is heavily wounded.
You feel sick. The adder bites you.
You shoot an arrow. The arrow closely misses the adder.
You feel sick. The adder misses you. The adder completely misses you.
You shoot an arrow. The arrow barely misses the adder.
You feel sick. The adder closely misses you.
You shoot an arrow. The arrow closely misses the adder.
You feel sick.
You are no longer poisoned.
The adder bites you. The adder closely misses you.
You shoot an arrow. The arrow barely misses the adder.
The adder bites you.
You are lethally poisoned!
The adder poisons you!
You shoot an arrow.
The arrow hits the adder but does no damage.
The adder is heavily wounded.
You feel sick. The adder barely misses you.
1317 ||| READING scroll of teleportation.
As you read the scroll of teleportation, it crumbles to dust.
You feel strangely unstable.
You feel sick. The adder barely misses you. The adder bites you.
You shoot an arrow. The arrow closely misses the adder.
You die...

.........# #.# #.##.....#.
.####.#..####.####.##.##.##.
#.#..##.................
#.#......%..#####.##.##.
#..............##.##.##.
###.....#............>..
#.##.#######.######### #.
#..# #.......... ..
##@######....######
..#$..S##.........#..##
...#.##..##..##.......## #
##..##. ##.%.##... #..##
##..##... #.. ##....#. ###
#######


You could see an adder.

Vanquished Creatures
  An adder (D:2)
  A ribbon worm (D:2)
  A bat zombie (D:2)
  8 endoplasms
  A giant cockroach (D:1)
  4 hobgoblins
  4 ball pythons
  A ball python zombie (D:2)
  4 bats
  A giant cockroach zombie (D:2)
  4 kobolds
  A quokka skeleton (D:2)
  5 rats (D:1)
36 creatures vanquished.

Notes
Turn   | Place    | Note
-------+----------+-------------------------------------------
     0 | D:1      | qw the Spriggan Hunter began the quest for the Orb.
     0 | D:1      | Reached XP level 1. HP: 10/10 MP: 2/2
     0 | D:1      | 0 ||| qw: Version: 0.3-a-155-g5e7d8dd
     0 | D:1      | 0 ||| qw: Game counter: 2994
     0 | D:1      | 0 ||| qw: Melee chars always use a shield: true
     0 | D:1      | 0 ||| qw: God list: Okawaru
     0 | D:1      | 0 ||| qw: Allow faded altars: false
     0 | D:1      | 0 ||| qw: Do Orc after clearing Dungeon:15 true
     0 | D:1      | 0 ||| qw: Do second Lair branch before Depths: true
     0 | D:1      | 0 ||| qw: Lair rune preference: random
     0 | D:1      | 0 ||| qw: Goals: Normal
     0 | D:1      | 0 ||| PLANNING D:1-11
   106 | D:1      | Reached skill level 3 in Dodging
   405 | D:1      | Reached XP level 2. HP: 14/14 MP: 3/3
   854 | D:1      | 854 ||| READING 4 scrolls labelled FEHOEZX TEFUSIL.
   854 | D:1      | 854 ||| IDENTIFYING scroll labelled IHUDUYNTUCKE
   855 | D:1      | 855 ||| DROPPING scroll of butterflies.
   871 | D:2      | Found a faded altar of an unknown god.
  1069 | D:2      | Reached XP level 3. HP: 18/18 MP: 4/4
  1316 | D:2      | HP: 3/18 [poisoned by an adder]
  1317 | D:2      | 1317 ||| READING scroll of teleportation.
  1317 | D:2      | HP: 1/18 [adder (1)]
  1318 | D:2      | Succumbed to an adder's poison

Levels and vault maps discovered:
D:1:      wander_arrival_lonely_grave, layout_loops_corners
D:2:      minmay_thinvault, layout_loops_ring,
          shapermc_ecumenical_altar_rom_forum, serial_undead, serial_undead_e,
          serial_undead_a, serial_undead_c, serial_undead_c, nicolae_titane

Skill      XL: |  1  2 |
---------------+-------+-----
Dodging        | 3 4 |  4.0
Fighting       | |  1.5
Ranged Weapons | |  4.8
Stealth        | |  1.5

Action                     || total
---------------------------++-------
   Fire: Shortbow          ||   115
    Use: Scroll            ||     2
 Armour: Robe              ||    17
  Dodge: Dodged            ||    43

Table legend:
 A = Non-vault XP
 B = Vault XP
 C = Vault XP percentage of total XP
 D = Non-vault monster count
 E = Vault monster count
 F = Vault count percentage of total count
                 A         B        C        D         E       F
            +---------+---------+-------+---------+---------+-------
      Total |      61 |       7 |  10.3 |      30 |       6 |  16.7
            +---------+---------+-------+---------+---------+-------
        D:1 |      31 |       0 |   0.0 |      21 |       0 |   0.0
        D:2 |      30 |       7 |  18.9 |       9 |       6 |  40.0
            +---------+---------+-------+---------+---------+-------
